AoeStats
← Rey de Copas

Nomad

510631010Analyzed
4v4 RM · 1d ago on Oct 1, 2026· 44m 0s· 8 players
Game mode
Random Map
Map size
231×231
Population
200
Speed
Normal
Resources
Standard
Victory
Conquest
Starting age
Dark Age
Ending age
Imperial Age
RankedLock teamsTeams togetherTeam positionsShared explorationLock speedFull tech treeHidden civsTurbo modeCheats
Victory
Defeat
🇲🇽 Japanese · Mexico
1063
+13
🇧🇷 Varangians · Brazil
1049
+14
🇵🇪 Cumans · Peru
1047
+14
🇦🇷 Huns · Argentina
1024
+16
🇬🇧 Mongols · United Kingdom
1022
-15
🇩🇪 Britons · Germany
1020
-15
🇬🇧 Franks · United Kingdom
993
-14
🇩🇪 Tupi · Germany
970
-13
Accor
4:38 Loom
14:30 Feudal Age
15:48 Double-Bit Axe
22:10 Castle Age
21:23 Gold Mining
21:24 Stone Mining
22:14 Wheelbarrow
22:40 Scale Mail Armor
22:50 Forging
22:38 Pikeman
23:21 Squires
23:43 Chain Mail Armor
25:03 Fletching
27:43 Bodkin Arrow
30:57 Horse Collar
37:47 Imperial Age
36:40 Thumb Ring
36:37 Padded Archer Armor
39:07 Husbandry
39:30 Conscription
39:31 Drill
39:24 Bloodlines
42:04 Chemistry
42:48 Leather Archer Armor
42:34 Bracer
Entropy_Madness
17:40 Feudal Age
18:06 Double-Bit Axe
18:08 Fishing Lines
19:29 Wheelbarrow
22:34 Castle Age
21:07 Gold Mining
23:34 Hand Cart
23:30 Bow Saw
23:46 Loom
23:57 Gillnets
24:22 Medium Warships
24:52 Gold Shaft Mining
24:12 Horse Collar
25:30 Fletching
25:42 Padded Archer Armor
27:27 Heavy Plow
30:11 Bodkin Arrow
30:43 Leather Archer Armor
33:12 Crossbowman
33:51 Stone Mining
39:30 Imperial Age
36:47 Town Watch
Horahlooks
5:09 Loom
14:48 Feudal Age
17:59 Fishing Lines
21:32 Castle Age
19:49 Scale Barding Armor
19:55 Forging
21:44 Scale Mail Armor
Wurzelsepp
14:06 Feudal Age
14:33 Fishing Lines
14:41 Double-Bit Axe
14:40 Horse Collar
16:13 Loom
19:53 Castle Age
20:55 Bow Saw
22:51 Wheelbarrow
22:48 Heavy Plow
23:35 Stone Mining
23:38 Fletching
27:07 Town Watch
27:52 Padded Archer Armor
28:17 Ballistics
29:04 Gold Mining
30:04 Hand Cart
36:11 Imperial Age
34:05 Leather Archer Armor
35:03 Squires
35:39 Bodkin Arrow
42:55 Imperial Age
danilomaxxcuritiba
14:48 Feudal Age
15:28 Double-Bit Axe
17:04 Fishing Lines
19:16 Bloodlines
19:38 Scale Barding Armor
23:43 Castle Age
22:13 Forging
23:36 Stone Mining
23:49 Gold Mining
23:51 Light Cavalry
24:53 Gillnets
26:29 Bow Saw
27:56 Wheelbarrow
27:07 Loom
31:42 Medium Warships
33:08 Husbandry
34:09 Fletching
37:56 Iron Casting
37:42 Chain Barding Armor
40:51 Imperial Age
40:55 Cavalier
42:05 Hand Cart
41:36 Town Watch
M4n0_Hombremago
8:52 Loom
13:21 Feudal Age
14:45 Double-Bit Axe
18:56 Forging
23:22 Castle Age
21:45 Horse Collar
25:03 Husbandry
26:18 Iron Casting
26:35 Wheelbarrow
31:03 Fletching
31:13 Padded Archer Armor
31:28 Bloodlines
31:11 Gold Mining
32:00 Ballistics
34:51 Imperial Age
33:03 Bow Saw
34:49 Gold Shaft Mining
34:40 Bodkin Arrow
35:02 Leather Archer Armor
36:26 Parthian Tactics
36:39 Bracer
40:05 Heavy Cavalry Archer
Naery Valentina
6:09 Loom
16:23 Feudal Age
17:06 Man-at-Arms
18:54 Scale Mail Armor
20:02 Forging
27:02 Castle Age
27:04 Gold Mining
27:01 Double-Bit Axe
27:09 Horse Collar
27:42 Long Swordsman
30:44 Pikeman
31:24 Squires
32:29 Wheelbarrow
32:28 Capped Ram
34:25 Iron Casting
34:06 Chain Mail Armor
41:52 Fishing Lines
43:13 Heavy Plow
44:22 Bow Saw
44:07 Stone Mining
Rey de Copas
3:26 Loom
14:29 Feudal Age
20:25 Castle Age
18:21 Double-Bit Axe
19:08 Fletching
20:15 Padded Archer Armor
21:11 Bodkin Arrow
27:30 Guard Tower
28:59 Ballistics
45:05 Imperial Age
Connection lost

Rejoining the realm…

Still unreachable

The connection could not be restored.

Session expired

The server has moved on; the page needs a fresh start.